 Dungeon Crawl Stone Soup version 0.30.0-18-gc0e69614cb (webtiles) character file.

Game seed: 1432126739079068610

32 Iich the Trooper (level 3, -3/27 (29) HPs)
             Began as a Demonspawn Fighter on May 24, 2023.
             Slain by Sigmund
             ... wielding a +0 scythe
              (5 damage)
             ... on level 2 of the Dungeon.
             The game lasted 00:01:24 (744 turns).

Iich the Trooper (Demonspawn Fighter)                Turns: 744, Time: 00:01:25

HP:   -3/27 (29)    AC:  7    Str: 16    XL:     3   Next: 10%
MP:   3/3           EV: 10    Int:  9    God:
Gold: 67            SH:  4    Dex: 14    Spells: 2/2 levels left

rFire   . . .        a - +0 war axe
rCold   . . .        c - +0 buckler
rNeg    . . .        b - +0 scale mail
rPois   .            (no helmet)
rElec   .            (no cloak)
rCorr   .            h - +0 pair of gloves
SInv    .            (no boots)
Will    .....        (no amulet) Stlth
                     (no ring)
HPRegen 0.24/turn    (no ring)
MPRegen 0.08/turn

%: no passive effects
@: mighty, drained
A: repulsion field 1, demonic guardian 1
a: no special abilities


You were on level 2 of the Dungeon.
You visited 1 branch of the dungeon, and saw 2 of its levels.

You collected 67 gold pieces.

Inventory:

Hand Weapons
 a - a +0 war axe (weapon)
Armour
 b - a +0 scale mail (worn)
 c - a +0 buckler (worn)
 h - a +0 pair of gloves (worn)
Scrolls
 e - a scroll of immolation
 f - 2 scrolls of noise {unknown}
 g - a scroll of teleportation {unknown}
 j - a scroll of magic mapping {unknown}
 k - a scroll of blinking {unknown}
 l - 4 scrolls of amnesia {unknown}
Potions
 i - a potion of attraction {unknown}
 m - a potion of degeneration {unknown}


   Skills:
 + Level 3.4 Fighting
 * Level 2.9 Axes
 - Level 2.6 Armour
 - Level 2.6 Shields


You had 2 spell levels left.
You didn't know any spells.
Your spell library contained the following spells:

 Spells                   Type           Power      Damage    Failure   Level
 Summon Small Mammal      Summ           0%         N/A       88%         1
 Ensorcelled Hibernation  Hex/Ice        0%         N/A       96%         2
 Passwall                 Tmut/Erth      0%         N/A       96%         2
 Call Canine Familiar     Summ           0%         N/A       99%         3
 Summon Guardian Golem    Hex/Summ       0%         N/A       99%         3
 Swiftness                Air            0%         N/A       99%         3


Dungeon Overview and Level Annotations

Branches:
Dungeon (2/15)

Altars:

Annotations:
D:2 Sigmund


Innate Abilities, Weirdness & Mutations

You are surrounded by a mild repulsion field. (EV +2)
A weak demonic guardian rushes to your aid.


Message History

The stone closely misses you. Sigmund closely misses you.
You miss the kobold. The kobold hits you with a +0 dagger.
Sigmund casts a spell.
Sigmund flickers and vanishes!
Deactivating autopickup; reactivate with Ctrl-A.
You take 2 damage, and have 18/27 hp.
You feel less confused. The kobold barely misses you.
Something hits you but does no damage.
You slash the kobold!
You kill the kobold!
Something completely misses you.
Things that are here:
a +0 dagger; 3 stones; a kobold corpse You hit something.
You hear some strange, mumbled words.
A magic dart appears from out of thin air!
The magic dart hits you!
* * * LOW HITPOINT WARNING * * *
You take 10 damage, and have 9/27 hp. !!!!--MASSIVE DAMAGE--!!!!
You slash something! Something hits you but does no damage.
You barely miss something. Something hits you.
* * * LOW HITPOINT WARNING * * *
You miss something. Something hits you but does no damage.
You closely miss something. Something hits you but does no damage.
Unknown command.
You slash something! Something hits you!
* * * LOW HITPOINT WARNING * * *
A demonic guardian appears!
You take 7 damage, and have 2/27 hp. !!!!--MASSIVE DAMAGE--!!!!
Unknown command.
You barely miss something. Something hits you.
You die...

.......<............#
.......#...)........#
.
###...####.........(#.
................>....
#####....##........#
####..#.......##
##..........##
##.....5....##.
##.†...@.......#
#......{.....###
#............##
#.............#
#..#.........##
...............#
..#.#..........#
###.#..........# #
#.$........#


You could see a friendly quasit (summoned).

Vanquished Creatures
  A gnoll (D:1)
  A ball python (D:1)
  3 endoplasms (D:1)
  2 goblins (D:1)
  2 hobgoblins (D:1)
  2 jackals (D:1)
  2 kobolds (D:2)
  2 bats
  A frilled lizard (D:1)
  6 rats
22 creatures vanquished.

Notes
Turn   | Place    | Note
-------+----------+-------------------------------------------
     0 | D:1      | Iich the Demonspawn Fighter began the quest for the Orb.
     0 | D:1      | Reached XP level 1. HP: 18/18 MP: 1/1
   142 | D:1      | Gained mutation: You are surrounded by a mild repulsion
                  | field. (EV +2) [demonic ancestry]
   142 | D:1      | Reached XP level 2. HP: 10/24 MP: 2/2
   631 | D:1      | Gained mutation: A weak demonic guardian rushes to your
                  | aid. [demonic ancestry]
   631 | D:1      | Reached XP level 3. HP: 27/27 MP: 3/3
   721 | D:2      | Noticed Sigmund
   744 | D:2      | Slain by Sigmund

Illustrated notes

Levels and vault maps discovered:
D:1:      lemuel_arrival_cross, layout_basic, minmay_cut_off
D:2:      layout_rooms, uniq_sigmund

Skill      XL: |  1 |
---------------+----+-----
Axes           | 2 |  2.9
Fighting       | |  3.4
Armour         | |  2.6
Shields        | |  2.6

Action                     || total
---------------------------++-------
  Melee: War axe           ||    59
    Use: Scroll            ||     1
         Potion            ||     1
 Armour: Scale mail        ||    33
  Dodge: Dodged            ||    28
  Block: Buckler           ||    12
